 Dungeon Crawl Stone Soup version 0.29.1-1-gd02db6906a (webtiles) character file.

Game seed: 5736379906755281981

81 jamesp the Sneak (level 4, -4/26 HPs)
             Began as a Vampire Brigand on Sept 28, 2022.
             Slain by a gnoll
             ... wielding a +0 whip
              (8 damage)
             ... on level 2 of the Dungeon.
             The game lasted 00:05:26 (2399 turns).

jamesp the Sneak (Vampire Brigand)                  Turns: 2399, Time: 00:05:27

Health: -4/26      AC:  3    Str: 10    XL:     4   Next: 19%
Magic:  4/4        EV: 13    Int: 13    God:
Gold:   103        SH:  0    Dex: 17    Spells: 3/3 levels left

rFire   . . .      SeeInvis +   q - +0 dagger (venom)
rCold   + + .      Faith    .   (no shield)
rNeg    + + +      Spirit   .   b - +0 robe
rPois   ∞          Reflect  .   (no helmet)
rElec   .          Harm     .   c - +0 cloak
rCorr   .          Rampage  .   (no gloves)
Will    .....                   (no boots)
Stlth   ++++++....              (no amulet)
HPRegen 0.00/turn               l - ring of positive energy
MPRegen 0.09/turn               (no ring)

@: bloodless, inhibited regen
A: bloodless, fangs 3, see invisible, vampiric 2
a: Bat Form, Revivify


You were on level 2 of the Dungeon.
You visited 1 branch of the dungeon, and saw 2 of its levels.

You collected 103 gold pieces.

Inventory:

Hand Weapons
 a - a +2 dagger
 q - a +0 dagger of venom (weapon)
Missiles
 d - 8 poisoned darts (quivered)
 e - 3 curare-tipped darts
 f - 21 stones
Armour
 b - a +0 robe (worn)
 c - a +0 cloak (worn)
Jewellery
 j - a ring of fire
 l - a ring of positive energy (left hand)
Wands
 r - a wand of flame (18)
Scrolls
 h - 4 scrolls of vulnerability {unknown}
 i - a scroll of immolation {unknown}
 m - a scroll of noise {unknown}
 n - 2 scrolls of teleportation {unknown}
 s - a scroll of blinking {unknown}
 t - a scroll of amnesia {unknown}
 u - a scroll of butterflies {unknown}
 v - a scroll of torment {unknown}
 w - a scroll of magic mapping {unknown}
Potions
 g - 2 potions of curing {unknown}
 k - a potion of degeneration {unknown}
 o - a potion of mutation {unknown}
 p - 2 potions of heal wounds {unknown}
 x - a potion of lignification {unknown}


   Skills:
 - Level 1.7 Fighting
 + Level 3.3 Short Blades
 - Level 1.5 Throwing
 + Level 2.6 Dodging
 + Level 7.0 Stealth


You had 3 spell levels left.
You didn't know any spells.
Your spell library was empty.

Dungeon Overview and Level Annotations

Branches:
Dungeon (2/15)

Altars:


Innate Abilities, Weirdness & Mutations

You do not regenerate when monsters are visible.
You are frail without blood (-20% HP).
You can heal yourself when you bite living creatures.
You are immune to poison.
You have razor-sharp teeth.
You have supernaturally acute eyesight. (SInv)
You are afflicted with vampirism and can become a bat while bloodless.


Message History

You see here a +0 short sword.
Done exploring.
There is a stone staircase leading up here.
Throw: 9 darts (poison)
Press: ? - help, Q - select action, (/) - cycle Shift-Dir - straight line, f - gnoll
Aim: a gnoll, wielding a +0 spear (wandering, hasn't noticed you, 63% to hit)
You throw a poisoned dart. The poisoned dart hits the gnoll.
The gnoll is poisoned.
The gnoll closely misses you.
You barely miss the gnoll.
The gnoll shouts!
You bite the gnoll, but do no damage.
The gnoll is lightly wounded.
The gnoll barely misses you.
You closely miss the gnoll.
The gnoll is moderately wounded.
The gnoll looks more healthy.
The gnoll barely misses you.
You hit the gnoll.
The gnoll is poisoned.
The gnoll is heavily wounded.
The gnoll hits you with a +0 spear. The gnoll attacks as you move away!
The gnoll hits you with a +0 spear.
The gnoll hits you from afar with a +0 spear.
The gnoll barely misses you.
You hit the gnoll but do no damage.
The gnoll looks even sicker.
The gnoll is heavily wounded.
The gnoll hits you with a +0 spear. The gnoll hits you with a +0 whip.
You kill the gnoll!
Your Stealth skill increases to level 7!
The gnoll attacks as you move away! The gnoll closely misses you.
You hit the gnoll.
The gnoll is poisoned.
The gnoll is lightly wounded.
The gnoll hits you with a +0 whip.
* * * LOW HITPOINT WARNING * * *
You barely miss the gnoll.
The gnoll is moderately wounded.
The gnoll attacks as you move away! The gnoll closely misses you.
The gnoll attacks as you move away! The gnoll hits you with a +0 whip.
* * * LOW HITPOINT WARNING * * *
The gnoll attacks as you move away! The gnoll hits you with a +0 whip!
You die...

######.#########..#.######.#####.
.......#.......#.......<.......#.
####.#.#.......#.#.....).....>(..
.......#..###..#.#.#######.###.#.
###.##.'..'_#..#...# #.#>.... #
#.##.#..###..#.### #.#.#<#> #
#.##.#.......#.# #.......
#.##.#.......#g# ###.#g#.
#.#..#########@# #.....
###.#............# ###g#.
.................# #.#.
###.##########.).# #.#. ###.#####
##.########### #.#. ........#
#[...g....g.## #.#. ###.###.#
#..#######...###.#. #.#
#.#######..###......gg...#.
#.###....r.........###...#####.


You could see a gnoll (poisoned).

Vanquished Creatures
  3 gnolls (D:2)
  2 adders (D:2)
  2 ball pythons
  2 giant cockroaches
  2 goblins (D:1)
  5 hobgoblins
  4 kobolds
  3 quokkas
  4 bats
  A frilled lizard (D:2)
  4 rats
32 creatures vanquished.

Notes
Turn   | Place    | Note
-------+----------+-------------------------------------------
     0 | D:1      | jamesp the Vampire Brigand began the quest for the Orb.
     0 | D:1      | Reached XP level 1. HP: 16/16 MP: 1/1
   157 | D:1      | Reached skill level 6 in Stealth
   286 | D:1      | Reached XP level 2. HP: 22/22 MP: 2/2
  1104 | D:2      | Gained mutation: You are afflicted with vampirism and can
                  | become a bat while bloodless. [Vampire growth]
  1104 | D:2      | Reached XP level 3. HP: 27/27 MP: 3/3
  1818 | D:2      | Reached XP level 4. HP: 2/26 MP: 4/4
  2194 | D:2      | Found a faded altar of an unknown god.
  2389 | D:2      | Reached skill level 7 in Stealth
  2399 | D:2      | Slain by a gnoll

Illustrated notes

Levels and vault maps discovered:
D:1:      dpeg_arrival_snail, layout_basic, minmay_pentomino_r4
D:2:      layout_loops_ring, hellmonk_ecumenical_altar_inner_sanctum,
          kennysheep_nub

Skill      XL: |  1  2  3  4 |
---------------+-------------+-----
Stealth        | 6 7 |  7.0
Dodging        | 2 |  2.6
Short Blades   | 3 |  3.3
Fighting       | |  1.7
Throwing       | |  1.5

Action                   |  1- 3 |  4- 6 || total
-------------------------+-------+-------++-------
Melee: Dagger            |    57 |     6 ||    63
       Bite              |     6 |     1 ||     7
Throw: Dart              |       |     1 ||     1
 Abil: Exsanguinate      |     1 |       ||     1
 Stab: Sleeping          |    11 |       ||    11
Armor: Robe              |     8 |       ||     8
Dodge: Dodged            |    35 |     6 ||    41
